SAAA
PENNSAUKEN FLYERS @ ELLENBURG FIGHTING DACHSUNDS
08/11/2027
 
TOP OF THE 1ST
Pennsauken Flyers batting - Pitching for Ellenburg Fighting Dachsunds : RHP Stanley Williams
Pitching: RHP Stanley Williams
Batting: LHB Vinski Prifti 0-0: Ball
1-0: SINGLE (Flyball, 9LM)
Batting: LHB Ignacio Martínez 0-0: Ball
1-0: Ball
2-0: Ball
3-0: Called Strike
3-1: Fielders Choice at 2nd, 1-6 (Groundball, 13S)
Batting: RHB José Rodríguez 0-0: Ball
1-0: Ball
2-0: Ball
3-0: Called Strike
3-1: Fly out, F6 (Line Drive, 6)
Batting: RHB Byron Isaacson 0-0: Called Strike
0-1: Swinging Strike
0-2: Strikes out swinging
Top of the 1st over - 0 run(s), 1 hit(s), 0 error(s), 1 left on base; Pennsauken 0 - Ellenburg 0
BOTTOM OF THE 1ST
Ellenburg Fighting Dachsunds batting - Pitching for Pennsauken Flyers : RHP Zach Rediker
Pitching: RHP Zach Rediker
Batting: LHB José Ortega 0-0: Ball
1-0: Ball
2-0: Ball
3-0: Called Strike
3-1: Foul Ball, location: 2F
3-2: SINGLE (Flyball, 89S)
Batting: RHB José Vázquez 0-0: Ball
Wild Pitch!
José Ortega to second
1-0: Ball
2-0: Ball
3-0: Base on Balls
Batting: SHB Ken Osborne 0-0: Swinging Strike
0-1: Called Strike
0-2: Ball
1-2: Ball
2-2: Ball
3-2: Strikes out swinging
Batting: RHB Preston Hernández 0-0: Ball
1-0: Foul Ball, location: 2F
1-1: Foul Ball, location: 2F
1-2: Strikes out swinging
Batting: RHB Juan Ramos 0-0: Ball
1-0: Ball
2-0: Foul Ball, location: 2F
2-1: Foul Ball, location: 2F
2-2: Ground out 5-3 (Groundball, 56S)
Bottom of the 1st over - 0 run(s), 1 hit(s), 0 error(s), 2 left on base; Pennsauken 0 - Ellenburg 0
TOP OF THE 2ND
Pennsauken Flyers batting - Pitching for Ellenburg Fighting Dachsunds : RHP Stanley Williams
Batting: LHB Brad Lawrence 0-0: Ball
1-0: Ball
2-0: Ground out U3 (Groundball, 3)
Batting: SHB Nuygen Vuong 0-0: Called Strike
0-1: Swinging Strike
0-2: Ball
1-2: Ball
2-2: Ball
3-2: Foul Ball, location: 2F
3-2: Foul Ball, location: 2F
3-2: Foul Ball, location: 2F
3-2: Strikes out looking
Batting: SHB Bob Lambert 0-0: SINGLE (Line Drive, 8RS)
Batting: RHB Abdul-Fattah bin Najjar 0-0: Ball
1-0: Ball
2-0: Fielders Choice at 2nd, 4-6 (Groundball, 4)
Top of the 2nd over - 0 run(s), 1 hit(s), 0 error(s), 0 left on base; Pennsauken 0 - Ellenburg 0
BOTTOM OF THE 2ND
Ellenburg Fighting Dachsunds batting - Pitching for Pennsauken Flyers : RHP Zach Rediker
Batting: LHB Locke Lamora 0-0: Swinging Strike
0-1: Ball
1-1: Foul Ball, location: 2F
1-2: Ball
2-2: Fly out, F4 (Popup, 4)
Batting: RHB Francis Kelly 0-0: Ball
1-0: Called Strike
1-1: Ball
2-1: TRIPLE (Line Drive, 9LM)
Batting: RHB Meka Knight 0-0: Foul Ball, location: 2F
0-1: Ball
1-1: Swinging Strike
1-2: Ball
2-2: Foul Ball, location: 2F
2-2: Ground out 6-3 (Groundball, 6)
Francis Kelly scores
Batting: RHB Marty Jennings 0-0: Foul Ball, location: 2F
0-1: Ball
1-1: Ball
2-1: Fly out, F9 (Flyball, 9)
Bottom of the 2nd over - 1 run(s), 1 hit(s), 0 error(s), 0 left on base; Pennsauken 0 - Ellenburg 1
TOP OF THE 3RD
Pennsauken Flyers batting - Pitching for Ellenburg Fighting Dachsunds : RHP Stanley Williams
Batting: RHB Clarence Therrien 0-0: Ball
1-0: Foul Ball, location: 2F
1-1: Foul Ball, location: 2F
1-2: Foul Ball, location: 2F
1-2: Ground out 4-3 (Groundball, 4)
Batting: LHB Vinski Prifti 0-0: Ball
1-0: Ball
2-0: Foul Ball, location: 2F
2-1: Ball
3-1: Called Strike
3-2: Fly out, F4 (Popup, 4D)
Batting: LHB Ignacio Martínez 0-0: Ball
1-0: Ball
2-0: Called Strike
2-1: Foul Ball, location: 2F
2-2: Strikes out swinging, 2-3 out at first.
Top of the 3rd over - 0 run(s), 0 hit(s), 0 error(s), 0 left on base; Pennsauken 0 - Ellenburg 1
BOTTOM OF THE 3RD
Ellenburg Fighting Dachsunds batting - Pitching for Pennsauken Flyers : RHP Zach Rediker
Batting: LHB José Ortega 0-0: Ball
1-0: Swinging Strike
1-1: Called Strike
1-2: Foul Ball, location: 2F
1-2: Strikes out swinging
Batting: RHB José Vázquez 0-0: Ground out 4-3 (Groundball, 4)
Batting: SHB Ken Osborne 0-0: Ball
1-0: Ball
2-0: Ball
3-0: Called Strike
3-1: Base on Balls
Batting: RHB Preston Hernández 0-0: Called Strike
0-1: Foul Ball, location: 2F
0-2: Strikes out swinging
Bottom of the 3rd over - 0 run(s), 0 hit(s), 0 error(s), 1 left on base; Pennsauken 0 - Ellenburg 1
TOP OF THE 4TH
Pennsauken Flyers batting - Pitching for Ellenburg Fighting Dachsunds : RHP Stanley Williams
Batting: RHB José Rodríguez 0-0: Called Strike
0-1: Ball
1-1: Swinging Strike
1-2: Ball
2-2: Ball
3-2: Ground out 1-3 (Groundball, 15S)
Batting: RHB Byron Isaacson 0-0: Ball
1-0: Ball
2-0: Ground out 5-3 (Groundball, 56S)
Batting: LHB Brad Lawrence 0-0: Fly out, F4 (Popup, 4)
Top of the 4th over - 0 run(s), 0 hit(s), 0 error(s), 0 left on base; Pennsauken 0 - Ellenburg 1
BOTTOM OF THE 4TH
Ellenburg Fighting Dachsunds batting - Pitching for Pennsauken Flyers : RHP Zach Rediker
Batting: RHB Juan Ramos 0-0: Foul Ball, location: 2F
0-1: Foul Ball, location: 2F
0-2: Ball
1-2: Foul Ball, location: 2F
1-2: Foul Ball, location: 2F
1-2: Foul Ball, location: 2F
1-2: Ball
2-2: Fly out, F4 (Popup, 4S)
Batting: LHB Locke Lamora 0-0: Ball
1-0: Ball
2-0: Called Strike
2-1: SINGLE (Groundball, 4MD)
Batting: RHB Francis Kelly 0-0: Ball
1-0: Foul Ball, location: 2F
1-1: DOUBLE (Line Drive, 78M)
Locke Lamora to third
Runner from 3rd tries for Home, SAFE, no throw
Batting: RHB Meka Knight 0-0: Called Strike
Balk!
Francis Kelly to third
0-1: Swinging Strike
0-2: Ball
1-2: Fly out, F9 (Flyball, 9S)
Batting: RHB Marty Jennings 0-0: Ball
1-0: Foul Ball, location: 2F
1-1: Ball
2-1: Foul Ball, location: 2F
2-2: Strikes out swinging
Bottom of the 4th over - 1 run(s), 2 hit(s), 0 error(s), 1 left on base; Pennsauken 0 - Ellenburg 2
TOP OF THE 5TH
Pennsauken Flyers batting - Pitching for Ellenburg Fighting Dachsunds : RHP Stanley Williams
Batting: SHB Nuygen Vuong 0-0: SINGLE (Flyball, 78S)
Batting: SHB Bob Lambert 0-0: Ball
Nuygen Vuong steals 2nd base
1-0: Ball
2-0: Ball
3-0: Base on Balls
Batting: RHB Abdul-Fattah bin Najjar 0-0: Called Strike
0-1: Ball
1-1: Foul Ball, location: 2F
1-2: Foul Ball, location: 2F
1-2: Ball
2-2: SINGLE (Line Drive, 7S)
Nuygen Vuong to third
Bob Lambert to second
Runner from 3rd tries for Home, SAFE, no throw
Pitching: LHP José Tovar
Batting: RHB Clarence Therrien 0-0: Sac Bunt - play at first, batter OUT! 5-3
Bob Lambert to third
Abdul-Fattah bin Najjar to second
Batting: LHB Vinski Prifti 0-0: Called Strike
0-1: Ball
1-1: Foul Ball, location: 2F
1-2: Foul Ball, location: 2F
1-2: Ball
2-2: SINGLE (Groundball, 34)
Bob Lambert scores
Abdul-Fattah bin Najjar to third
Runner from 3rd tries for Home, SAFE, throw made home
Vinski Prifti to second
Batting: LHB Ignacio Martínez 0-0: SINGLE (Line Drive, 7S)
Vinski Prifti to third
Runner from 3rd tries for Home, SAFE, no throw
Batting: RHB José Rodríguez 0-0: Ball
1-0: Ball
2-0: Foul Ball, location: 2F
2-1: Fly out, F4 (Popup, 4D)
Batting: RHB Byron Isaacson 0-0: Ball
1-0: Called Strike
1-1: Ball
2-1: Swinging Strike
2-2: Ball
3-2: Base on Balls
Ignacio Martínez to second
Batting: LHB Brad Lawrence 0-0: Foul Ball, location: 2F
0-1: Ground out U3 (Groundball, 34)
Top of the 5th over - 4 run(s), 4 hit(s), 0 error(s), 2 left on base; Pennsauken 4 - Ellenburg 2
BOTTOM OF THE 5TH
Ellenburg Fighting Dachsunds batting - Pitching for Pennsauken Flyers : RHP Zach Rediker
Batting: LHB José Ortega 0-0: Ball
1-0: Ball
2-0: SINGLE (Groundball, 34D)
Batting: RHB José Vázquez 0-0: Ball
1-0: Ball
2-0: Called Strike
2-1: Foul Ball, location: 2F
2-2: Ball
3-2: Foul Ball, location: 2F
3-2: Strikes out swinging
Batting: SHB Ken Osborne 0-0: Called Strike
0-1: Called Strike
0-2: Foul Ball, location: 2F
0-2: Fly out, F7 (Flyball, 7)
Pitching: RHP Claudio Díaz
Batting: RHB Preston Hernández 0-0: Called Strike
0-1: Ball
1-1: Ball
2-1: Called Strike
2-2: Strikes out swinging
Bottom of the 5th over - 0 run(s), 1 hit(s), 0 error(s), 1 left on base; Pennsauken 4 - Ellenburg 2
TOP OF THE 6TH
Pennsauken Flyers batting - Pitching for Ellenburg Fighting Dachsunds : LHP José Tovar
Batting: SHB Nuygen Vuong 0-0: Ball
1-0: Ball
2-0: Called Strike
2-1: Called Strike
2-2: Ground out 6-3 (Groundball, 56)
Batting: SHB Bob Lambert 0-0: Ball
1-0: Called Strike
1-1: Fly out, F7 (Flyball, 78M)
Batting: RHB Abdul-Fattah bin Najjar 0-0: Called Strike
0-1: Ball
1-1: Foul Ball, location: 2F
1-2: Ball
2-2: SINGLE (Flyball, 9LS)
Batting: RHB Clarence Therrien 0-0: Ball
1-0: Ball
2-0: Ball
3-0: Called Strike
3-1: Swinging Strike
3-2: Foul Ball, location: 2F
3-2: Strikes out swinging
Top of the 6th over - 0 run(s), 1 hit(s), 0 error(s), 1 left on base; Pennsauken 4 - Ellenburg 2
BOTTOM OF THE 6TH
Ellenburg Fighting Dachsunds batting - Pitching for Pennsauken Flyers : RHP Claudio Díaz
Batting: RHB Juan Ramos 0-0: Ball
1-0: Called Strike
1-1: Ball
2-1: Foul Ball, location: 2F
2-2: Ground out 4-3 (Groundball, 4)
Batting: LHB Locke Lamora 0-0: Ball
1-0: Swinging Strike
1-1: Called Strike
1-2: Foul Ball, location: 2F
1-2: Strikes out looking
Batting: RHB Francis Kelly 0-0: Ball
1-0: Ball
2-0: Swinging Strike
2-1: Ball
3-1: Base on Balls
Batting: RHB Meka Knight 0-0: Ball
1-0: Called Strike
1-1: SINGLE (Groundball, 56D)
Francis Kelly to second
Batting: RHB Marty Jennings 0-0: DOUBLE (Line Drive, 8LD)
Francis Kelly scores
Meka Knight to third
Runner from 3rd tries for Home, SAFE, throw made home
Batting: LHB José Ortega 0-0: Called Strike
0-1: SINGLE (Groundball, 6MD)
Marty Jennings to third
Runner from 3rd tries for Home, SAFE, no throw
Pitching: RHP Dominic Parker
Batting: RHB José Vázquez 0-0: Ball
1-0: Swinging Strike
1-1: Called Strike
1-2: Ball
2-2: Ball
3-2: Strikes out swinging
Bottom of the 6th over - 3 run(s), 3 hit(s), 0 error(s), 1 left on base; Pennsauken 4 - Ellenburg 5
TOP OF THE 7TH
Pennsauken Flyers batting - Pitching for Ellenburg Fighting Dachsunds : LHP José Tovar
Batting: LHB Vinski Prifti 0-0: Ball
1-0: Called Strike
1-1: Foul Ball, location: 2F
1-2: Ground out U3 (Groundball, 3)
Batting: LHB Ignacio Martínez 0-0: Ground out 5-3 (Groundball, 56S)
Batting: RHB José Rodríguez 0-0: Called Strike
0-1: Foul Ball, location: 2F
0-2: SINGLE (Groundball, 6D)
Batting: RHB Byron Isaacson 0-0: Called Strike
José Rodríguez is caught stealing 2nd base
Top of the 7th over - 0 run(s), 1 hit(s), 0 error(s), 0 left on base; Pennsauken 4 - Ellenburg 5
BOTTOM OF THE 7TH
Ellenburg Fighting Dachsunds batting - Pitching for Pennsauken Flyers : RHP Dominic Parker
Batting: SHB Ken Osborne 0-0: Called Strike
0-1: Ball
1-1: SINGLE (Groundball, 3D)
Batting: RHB Preston Hernández 0-0: Fly out, F5 (Line Drive, 56)
Batting: RHB Juan Ramos 0-0: Ball
1-0: Swinging Strike
1-1: Ball
2-1: Ball
3-1: Base on Balls
Ken Osborne to second
Batting: LHB Locke Lamora 0-0: Ball
1-0: Fly out, F7 (Flyball, 7LDF)
Runner from 2nd tags up, SAFE at 3rd, no throw
Batting: RHB Francis Kelly 0-0: Called Strike
0-1: Ball
1-1: Foul Ball, location: 2F
1-2: Strikes out swinging
Bottom of the 7th over - 0 run(s), 1 hit(s), 0 error(s), 2 left on base; Pennsauken 4 - Ellenburg 5
TOP OF THE 8TH
Pennsauken Flyers batting - Pitching for Ellenburg Fighting Dachsunds : LHP José Tovar
Pitching: RHP Garrett Harrington
Now at 2B: Ken Little
Batting: RHB Byron Isaacson 0-0: Ball
1-0: Ball
2-0: Called Strike
2-1: Foul Ball, location: 2F
2-2: Strikes out looking
Pitching: LHP Ron Anderson
Batting: LHB Brad Lawrence 0-0: Ball
1-0: Ball
2-0: Called Strike
2-1: Foul Ball, location: 2F
2-2: Strikes out swinging
Pitching: RHP Gunner Hardy
Batting: SHB Nuygen Vuong 0-0: Ground out 4-3 (Groundball, 34)
Top of the 8th over - 0 run(s), 0 hit(s), 0 error(s), 0 left on base; Pennsauken 4 - Ellenburg 5
BOTTOM OF THE 8TH
Ellenburg Fighting Dachsunds batting - Pitching for Pennsauken Flyers : RHP Dominic Parker
Batting: RHB Meka Knight 0-0: Ball
1-0: Called Strike
1-1: Foul Ball, location: 2F
1-2: Ball
2-2: Foul Ball, location: 2F
2-2: Ground out 6-3 (Groundball, 6)
Batting: RHB Marty Jennings 0-0: Ball
1-0: Foul Ball, location: 2F
1-1: Foul Ball, location: 2F
1-2: Foul Ball, location: 2F
1-2: Ball
2-2: Foul Ball, location: 2F
2-2: Fly out, F8 (Flyball, 8LM)
Batting: LHB José Ortega 0-0: Foul Ball, location: 2F
0-1: Foul Ball, location: 2F
0-2: Ball
1-2: Strikes out swinging, 2-3 out at first.
Bottom of the 8th over - 0 run(s), 0 hit(s), 0 error(s), 0 left on base; Pennsauken 4 - Ellenburg 5
TOP OF THE 9TH
Pennsauken Flyers batting - Pitching for Ellenburg Fighting Dachsunds : RHP Gunner Hardy
Pitching: LHP An Jang-Yop
Pinch Hitting: RHB Dave Stockman 0-0: Ground out 4-3 (Groundball, 4S)
Batting: RHB Abdul-Fattah bin Najjar 0-0: Called Strike
0-1: Called Strike
0-2: Ball
1-2: Strikes out swinging
Batting: RHB Clarence Therrien 0-0: Called Strike
0-1: Swinging Strike
0-2: Ball
1-2: Ball
2-2: Ball
3-2: Ground out 1-3 (Groundball, 15S)
Top of the 9th over - 0 run(s), 0 hit(s), 0 error(s), 0 left on base; Pennsauken 4 - Ellenburg 5
Saturday, May 26th, 2018 - OOTP Baseball 17.12 Build 75